 Dungeon Crawl Stone Soup version 0.20.0-8-g6b59dc7 (webtiles) character file.

3500 Hasart the Basher (level 10, -13/68 HPs)
             Began as an Octopode Fighter on May 31, 2017.
             Was an Initiate of Gozag.
             Mangled by a two-headed ogre
             ... wielding a cursed -3 dire flail
              (19 damage)
             ... on level 8 of the Dungeon.
             The game lasted 00:16:13 (8418 turns).

Hasart the Basher (Octopode Fighter)                Turns: 8418, Time: 00:16:14

Health: -13/68     AC:  2    Str: 19    XL:     10   Next: 7%
Magic:  15/15      EV: 15    Int: 11    God:    Gozag
Gold:   283        SH: 10    Dex: 14    Spells: 9/9 levels left

rFire    . . .     SeeInvis .   t - +2 hand axe (freeze)
rCold    . . .     Gourm    .   b - +0 shield
rNeg     . . .     Faith    .   (helmet restricted)
rPois    .         Spirit   .   (no amulet)
rElec    .         Reflect  .   h - +3 ring of strength
rCorr    .         Harm     .   a - +1 ring of protection
MR       .....                  (no ring)
Stlth    ++........             (no ring)
Regen    0.3/turn               (no ring)
MPRegen  0.2/turn               (no ring)
                                (no ring)
                                (no ring)

@: drained
A: almost no armour, stealthy swim, amphibious, 8 rings, constrict 8, camouflage
1, gelatinous body 1
a: Potion Petition, Call Merchant, Bribe Branch, Renounce Religion


You were on level 8 of the Dungeon.
You worshipped Gozag.
Gozag was aware of your devotion.
You were not hungry.

You visited 2 branches of the dungeon, and saw 9 of its levels.

You collected 1016 gold pieces.
You paid 733 gold pieces to Gozag.

Inventory:

Hand Weapons
 t - a +2 hand axe of freezing (weapon)
 x - a +0 whip of venom
Armour
 b - a +0 shield (worn)
Jewellery
 a - a +1 ring of protection (right tentacle)
 h - a +3 ring of strength (left tentacle)
Wands
 l - a wand of random effects (8/48)
 p - a wand of clouds (5/9)
Scrolls
 e - a scroll of enchant weapon {unknown}
 f - a scroll of magic mapping {unknown}
 k - 2 scrolls of identify
 m - 3 scrolls of teleportation
 r - 2 scrolls of remove curse {unknown}
 s - 2 scrolls of fog {unknown}
 y - 2 scrolls of amnesia {unknown}
 A - a scroll of enchant armour {unknown}
 B - a scroll of random uselessness {unknown}
 C - a scroll of vulnerability {unknown}
Potions
 c - a potion of might
 g - 2 potions of heal wounds {unknown}
 i - 2 potions of haste {unknown}
 j - a potion of invisibility {unknown}
 o - 2 potions of brilliance {unknown}
 q - a potion of magic {unknown}
 u - a potion of lignification {unknown}
 v - a potion of berserk rage {unknown}
 w - a potion of resistance
 z - a potion of flight {unknown}
Comestibles
 n - 4 meat rations


   Skills:
 + Level 6.0(5.8) Fighting
 * Level 8.3(8.1) Maces & Flails
 + Level 6.5(6.2) Dodging
 + Level 6.3(6.1) Shields
 * Level 6.7(6.5) Evocations


You had 9 spell levels left.
You didn't know any spells.

Dungeon Overview and Level Annotations

Branches:
Dungeon (8/15)             Temple (1/1) D:4
   Lair: D:8-11

Altars:
Ashenzari
Dithmenos
Elyvilon
Fedhas
Gozag
Hepliaklqana
Kikubaaqudgha
Nemelex Xobeh
Okawaru
Qazlal
Ru
Sif Muna
Trog
Uskayaw
Vehumet
Xom
Yredelemnul

Shops:
D:7 %


Innate Abilities, Weirdness & Mutations

You cannot wear most types of armour.
You are very stealthy in the water. (Stealth+)
You are amphibious.
You can wear up to eight rings at the same time.
You can use your tentacles to constrict eight enemies at once.
Your skin changes colour to match your surroundings (Stealth+).
Your rubbery body absorbs attacks. (AC +1, EV +1)


Message History

You closely miss the two-headed ogre.
The two-headed ogre is heavily wounded.
The two-headed ogre is engulfed in poison gas.
The two-headed ogre looks as sick as possible!
The two-headed ogre closely misses you. The two-headed ogre barely misses you.
Unknown command.
You barely miss the two-headed ogre.
You squeeze the two-headed ogre, but do no damage.
The two-headed ogre is severely wounded.
The two-headed ogre is engulfed in poison gas.
The two-headed ogre looks as sick as possible!
The two-headed ogre hits you with a dire flail!!
* * * LOW HITPOINT WARNING * * *
You block the two-headed ogre's attack.
You hit the two-headed ogre. You freeze the two-headed ogre.
The two-headed ogre is almost dead.
The two-headed ogre looks as sick as possible!
The two-headed ogre hits you with a dire flail!!
You die...
Your body crumbles into a pile of gold.

#............. ..
##...............
....##................
..$.#..(..............
..$...§§§§§...........
......$§§§§)..........
........§§§[..........
.........O§...........
$
.........@<...[.......
.........)))..........
.......#..............
......###............#
....[# #.##.......###
.... #..###..##### ..
#.## #..# .. ##..# ..#
#.#


You could see a two-headed ogre.

Vanquished Creatures
  Pikel (D:6)
  Prince Ribbit (D:7)
  A hornet (D:7)
  Duvessa (D:7)
  A slave (D:6)
  An ice beast (D:6)
  A sky beast (D:7)
  A black bear (D:6)
  2 orc warriors
  2 ogres (D:6)
  3 phantoms
  2 centaurs
  2 bullfrogs (D:6)
  A gnoll sergeant (D:7)
  Dowan (D:7)
  A scorpion (D:6)
  A crimson imp (D:5)
  A bullfrog zombie (D:5)
  8 orc priests
  A bullfrog skeleton (D:4)
  5 hounds
  A gnoll shaman (D:6)
  An iguana (D:4)
  Jessica (D:2)
  7 orc wizards
  4 worker ants
  2 hound skeletons
  7 adders
  25 gnolls
  An ooze (D:4)
  An adder zombie (D:6)
  An adder skeleton (D:4)
  A worm (D:2)
  3 dart slugs
  6 leopard geckos
  31 orcs
  2 ball pythons
  4 bats
  4 giant cockroaches
  10 goblins
  8 hobgoblins
  4 jackals (D:5)
  A quokka (D:6)
  10 frilled lizards
  5 kobolds
  A leopard gecko zombie (D:5)
  A quokka zombie (D:5)
  9 rats
189 creatures vanquished.

Vanquished Creatures (others)
  2 slaves
  A worker ant (D:5)
  An adder (D:5)
4 creatures vanquished.

Grand Total: 193 creatures vanquished

Notes
Turn   | Place    | Note
-------+----------+-------------------------------------------
     0 | D:1      | Hasart the Octopode Fighter began the quest for the Orb.
     0 | D:1      | Reached XP level 1. HP: 16/16 MP: 1/1
    89 | D:1      | Reached XP level 2. HP: 12/21 MP: 2/2
   817 | D:1      | Reached XP level 3. HP: 26/26 MP: 3/3
  1189 | D:2      | Reached skill level 3 in Maces & Flails
  1282 | D:2      | Reached XP level 4. HP: 25/31 MP: 4/4
  1464 | D:2      | Noticed Jessica
  1470 | D:2      | Killed Jessica
  1522 | D:3      | Reached XP level 5. HP: 36/36 MP: 5/5
  1591 | D:3      | Found a white marble altar of Elyvilon.
  2008 | D:3      | Reached skill level 4 in Maces & Flails
  2561 | D:4      | Reached XP level 6. HP: 34/43 MP: 6/6
  2632 | D:4      | Found a shattered altar of Ashenzari.
  2802 | D:4      | Found a hide-covered altar of Uskayaw.
  3210 | D:4      | Found a staircase to the Ecumenical Temple.
  3215 | Temple   | Entered the Ecumenical Temple
  3236 | Temple   | Became a worshipper of Gozag Ym Sagoz the Greedy
  3285 | D:5      | Entered Level 5 of the Dungeon
  3336 | D:5      | Reached XP level 7. HP: 29/48 MP: 7/7
  3422 | D:5      | Reached skill level 5 in Maces & Flails
  4208 | D:6      | Reached skill level 1 in Evocations
  4349 | D:6      | Found a stormy altar of Qazlal.
  4479 | D:6      | Reached XP level 8. HP: 27/54 MP: 7/9
  4485 | D:6      | Reached skill level 5 in Dodging
  4691 | D:6      | Reached skill level 6 in Maces & Flails
  4791 | D:6      | Reached skill level 5 in Shields
  5166 | D:5      | Noticed Pikel
  5496 | D:6      | Killed Pikel
  5496 | D:6      | Reached skill level 5 in Fighting
  5496 | D:6      | Reached skill level 7 in Maces & Flails
  5496 | D:6      | Reached XP level 9. HP: 13/61 MP: 10/12
  6350 | D:4      | Found a stormy altar of Qazlal.
  6509 | D:6      | Found a sacrificial altar of Ru.
  6534 | D:6      | Reached skill level 5 in Evocations
  6901 | D:7      | Found a blossoming altar of Fedhas.
  6905 | D:7      | Noticed Duvessa
  6906 | D:7      | Noticed Dowan
  6921 | D:7      | Killed Duvessa
  6925 | D:7      | Killed Dowan
  7587 | D:8      | Noticed a two-headed ogre
  7785 | D:7      | Noticed Prince Ribbit
  7792 | D:7      | Killed Prince Ribbit
  8010 | D:7      | Noticed a hornet
  8017 | D:7      | Killed a hornet
  8017 | D:7      | Reached skill level 8 in Maces & Flails
  8147 | D:7      | Reached XP level 10. HP: 57/68 MP: 14/14
  8418 | D:8      | Mangled by a two-headed ogre

Skill      XL: |  1  2  3  4  5  6  7  8  9 10 |
---------------+-------------------------------+-----
Maces & Flails | 3 4 5 7 8 |  8.3
Dodging        | 4 5 6 |  6.5
Shields        | 4 5 6 |  6.3
Fighting       | 4 5 6 |  6.0
Evocations     | 1 4 6 |  6.7

Action                   |  1- 3 |  4- 6 |  7- 9 | 10-12 || total
-------------------------+-------+-------+-------+-------++-------
Melee: Flail             |    66 |    60 |       |       ||   126
       Constrict         |    22 |    31 |    51 |     3 ||   107
       Tentacles         |    11 |    17 |    59 |     7 ||    94
       Hand axe          |       |    38 |   235 |    21 ||   294
Invok: Call Merchant     |       |       |     1 |       ||     1
Evoke: Wand              |       |       |     2 |     1 ||     3
  Use: Potion            |       |       |     1 |       ||     1
       Scroll            |       |       |       |     2 ||     2
 Stab: Sleeping          |     2 |     5 |     4 |       ||    11
       Distracted        |       |       |     5 |       ||     5
  Eat: Chunk             |     1 |     6 |     2 |       ||     9
       Royal jelly       |       |       |     4 |       ||     4
       Bread ration      |       |       |     2 |       ||     2
Armor: Skin              |     2 |     6 |     5 |       ||    13
Dodge: Dodged            |    21 |    40 |   121 |     8 ||   190
Block: Shield            |    17 |    48 |   111 |     6 ||   182
